 Dungeon Crawl Stone Soup version 0.30-a0-149-g7f746667c4 (webtiles) character file.

Game seed: 14265501102195616812

70058 qw the Severer (level 15, -10/96 HPs)
             Began as a Gargoyle Fighter on Sept 26, 2022.
             Was a High Priest of Okawaru.
             Killed from afar by a fire dragon (54 damage)
             ... with a blast of flame
             ... on level 14 of the Dungeon.
             The game lasted 00:08:30 (22783 turns).

qw the Severer (Gargoyle Fighter)                  Turns: 22783, Time: 00:08:31

Health: -10/96     AC: 41    Str: 32    XL:     15   Next: 32%
Magic:  17/22      EV: 10    Int: 10    God:    Okawaru [*****.]
Gold:   971        SH: 13    Dex: 11    Spells: 14/14 levels left

rFire   . . .      SeeInvis .    Y - +2 broad axe (elec)
rCold   + . .      Faith    .    y - +0 kite shield "Yxkuumau" {Drain Fly rCorr Dex+4}
rNeg    + . .      Spirit   .    c - +2 plate armour {rC+}
rPois   inf        Reflect  .    i - +2 helmet
rElec   +          Harm     .    w - scarf {repulsion}
rCorr   +          Rampage  .    h - +2 pair of gloves
Will    +....                    x - +2 pair of boots
Stlth   ..........               (no amulet)
HPRegen 0.26/turn                k - +4 ring of slaying {mikee}
MPRegen 0.18/turn                f - +6 ring of strength

@: heroic, finesse-ful, flying, repel missiles
A: sickness immunity, AC +11, big wings, negative energy resistance 1,
electricity resistance, torment resistance 1, petrification resistance, hooves
1, clumsy 1, MP-powered wands
a: Renounce Religion, Heroism, Finesse, Duel


You were on level 14 of the Dungeon.
You worshipped Okawaru.
Okawaru was extremely pleased with you.
You visited 2 branches of the dungeon, and saw 19 of its levels.

You collected 1601 gold pieces.
You spent 630 gold pieces at shops.


Innate Abilities, Weirdness & Mutations

You are immune to sickness and miasma.
Your stone body is resilient. (AC +11)
You are immune to poison.
Your large and strong wings let you fly.
You resist negative energy. (rN+)
You are resistant to electric shocks. (rElec)
You are resistant to unholy torment.
You are immune to petrification.
You have large cloven feet.
You are clumsy. (Dex -2)
You expend magic power (3 MP) to strengthen your wands.


   Skills:
 - Level 12.0(17.0) Fighting
 + Level 15.3(20.3) Axes
 - Level 6.2(11.2) Throwing
 - Level 11.0(16.0) Armour
 - Level 3.2(8.2) Dodging
 - Level 12.0(17.0) Shields
 - Level 10.0 Invocations


You had 14 spell levels left.
You didn't know any spells.
Your spell library was empty.

Inventory:

Hand Weapons
 r - a +0 war axe of flaming
 Y - a +2 broad axe of electrocution (weapon)
Missiles
 e - 4 javelins
 z - 2 silver javelins (quivered)
Armour
 c - a +2 plate armour of cold resistance (worn)
 h - a +2 pair of gloves (worn)
 i - a +2 helmet (worn)
 v - a +0 cloak
 w - a scarf of repulsion (worn)
 x - a +2 pair of boots (worn)
 y - the +0 kite shield "Yxkuumau" (worn) {Drain Fly rCorr Dex+4}
   (Okawaru gifted it to you on level 5 of the Lair of Beasts)

   Dex:       It affects your dexterity (+4).
   Fly:       It grants you flight.
   rCorr:     It protects you from acid and corrosion.
   Drain:     It drains your maximum health when unequipped.
Jewellery
 f - a +6 ring of strength (right hand)
 k - a +4 ring of slaying (left hand) {mikee}
 l - a ring of ice
 n - the amulet of Sif Muna, Flying {rC++ Regen+ Str-5}
   (You found it on level 14 of the Dungeon)

   [amulet of regeneration]

   Str:       It affects your strength (-5).
   rC:        It greatly protects you from cold.
   Regen:     It increases your rate of health regeneration.
 t - a ring of ice
Scrolls
 a - 11 scrolls of identify
 p - 4 scrolls of teleportation
Potions
 b - 7 potions of haste
 d - 5 potions of might
 g - 6 potions of lignification
 j - 4 potions of mutation
 m - 2 potions of cancellation
 o - 2 potions of heal wounds
 q - 2 potions of magic
 s - a potion of resistance
 u - 11 potions of curing

Dungeon Overview and Level Annotations

Branches:
Dungeon (14/15)            Temple (0/1) D:6            Lair (5/5) D:9
 Shoals (0/4) Lair:3        Snake (0/4) Lair:2        Slime (0/5) Lair:5
    Orc (0/2) D:10
 Vaults: D:13-14

Altars:
Cheibriados
Dithmenos
Fedhas
Nemelex Xobeh
Okawaru
Qazlal
Uskayaw
Vehumet
Jiyva

Shops:
D:7 =   D:9 ?

Annotations:
D:3 1 runed translucent door, Crazy Yiuf
D:11 1 runed translucent door, qw's ghost, journeyman GrFi
D:12 1 runed translucent door
Lair:2 2 transporters, qw's ghost, journeyman GrFi
Lair:5 1 runed translucent door


Message History

You hit Azrael.
Azrael is almost dead.
You slice Azrael!! Lightning courses through Azrael!
You kill Azrael!
Okawaru accepts your kill.
You slash the blink frog!
You kill the blink frog!
Okawaru accepts your kill.
The blink frog's shape twists and changes as it dies.
The electric eel shoots out a bolt of lightning at you!
The bolt of electricity hits the electric eel.
The electric eel completely resists.
The bolt of electricity is repelled.
You hit the fire dragon.
The fire dragon is lightly wounded.
You hit the fire dragon but do no damage.
The fire dragon is lightly wounded.
The electric eel shoots out a bolt of lightning at you!
The bolt of electricity hits the electric eel.
The electric eel completely resists.
The bolt of electricity hits you but does no damage.
You resist. You block the fire dragon's attack. x2
The fire dragon barely misses you.
The electric eel shoots out a bolt of lightning at you!
The bolt of electricity misses you.
You hit the fire dragon.
The fire dragon is lightly wounded.
A queen bee comes into view.
You slice the fire dragon!!
The fire dragon is moderately wounded.
You slice the fire dragon!!
Lightning courses through the fire dragon!
The fire dragon is severely wounded.
The electric eel shoots out a bolt of lightning at you!
The bolt of electricity hits you but does no damage.
The electric eel shoots out a bolt of lightning at you!
The bolt of electricity hits you but does no damage.
The fire dragon breathes flames at you. The blast of flame hits you!!!
Ouch! That really hurt!
You die...

........# #.......#
###### .......# ##....#
###.....###.....######
##.#...#........###...#
##.................#....
........................
.......%..#.............
......D@................
......)%................
y.......................
~~~~~~SS~8.........#.#..
~~~~~~~~~~.........####.
~~~~~S~~~~.........####.
~~~~~~~~~~...........#..
~~~8~8~~~~.....[........
~~~~~..............


You could see a fire dragon (catching breath), a queen bee and 3 electric eels.

Vanquished Creatures
  Nessos (Lair:5)
  Azrael (D:14)
  Josephine (D:10)
  An entropy weaver (shapeshifter) (D:14)
  Harold (Lair:1)
  Erolcha (D:9)
  2 centaur warriors (D:14)
  3 hydras
  4 catoblepae
  5 two-headed ogres
  5 boulder beetles
  5 death yaks (Lair:5)
  Urug (Lair:4)
  Sonja (Lair:1)
  5 skeletal warriors (D:13)
  An oklob plant (Lair:1)
  2 cyclopes
  An ugly thing (D:13)
  3 manticores
  Maurice (D:11)
  12 black mambas
  3 elephants (Lair:5)
  15 cane toads
  2 gargoyles
  A torpor snail (Lair:5)
  Maggie (Lair:1)
  2 kobold demonologists (D:11)
  7 komodo dragons
  2 unseen horror zombies (D:8)
  A rime drake (Lair:5)
  3 unseen horrors
  2 efreet
  A freezing wraith (D:13)
  2 burning bushes (Lair:4)
  5 trolls
  3 polar bears
  A hornet (D:8)
  A queen bee (D:9)
  3 slime creatures (D:13)
  A blink frog (shapeshifter) (D:14)
  19 blink frogs
  6 dream sheep (Lair:4)
  A snapping turtle (Lair:3)
  A shadow (D:12)
  5 wraiths
  A spriggan (D:7)
  4 wyverns
  59 yaks
  A basilisk (Lair:2)
  2 steam dragons
  2 fire elementals (D:14)
  4 vampire mosquitoes
  A death yak simulacrum (Lair:1)
  3 acid dragons
  Menkaure (D:4)
  21 water moccasins
  2 hell hounds (D:14)
  10 orc warriors
  2 hornet zombies (D:8)
  An ice beast (D:5)
  3 black bears
  A sky beast (D:7)
  3 ogres
  4 wolves (Lair:2)
  14 centaurs
  A phantom (D:6)
  3 kobold brigands
  A gnoll sergeant (D:13)
  13 bullfrogs
  2 necrophages
  4 scorpions
  A wyvern zombie (D:8)
  18 wights
  An elephant simulacrum (Lair:1)
  11 killer bees (D:9)
  3 howler monkeys
  6 electric eels
  A centaur zombie (D:8)
  A lava snake (D:7)
  3 hounds
  2 jellies
  10 orc priests
  A gnoll bouda (D:6)
  3 iguanas
  14 orc wizards
  8 hell rats
  2 killer bee zombies (D:8)
  A howler monkey zombie (D:8)
  7 gnolls
  10 adders
  A shadow imp (D:5)
  4 white imps
  3 worms
  4 dart slugs
  51 orcs
  5 bats
  8 endoplasms
  2 giant cockroaches
  3 goblins
  9 hobgoblins
  7 jackals
  4 quokkas
  9 ball pythons
  3 frilled lizards
  15 kobolds
  23 rats
562 creatures vanquished.

Vanquished Creatures (others)
  25 fungi
  51 plants
  3 withered plants
79 creatures vanquished.

Grand Total: 641 creatures vanquished

Notes
Turn   | Place    | Note
-------+----------+-------------------------------------------
     0 | D:1      | qw the Gargoyle Fighter began the quest for the Orb.
     0 | D:1      | Reached XP level 1. HP: 14/14 MP: 1/1
     0 | D:1      | 0 ||| qw: Version: 0.2-a-10-g399e6c4
     0 | D:1      | 0 ||| qw: Game counter: 529
     0 | D:1      | 0 ||| qw: Always use a shield: true
     0 | D:1      | 0 ||| qw: God list: Okawaru
     0 | D:1      | 0 ||| qw: Allow faded altars: false
     0 | D:1      | 0 ||| qw: Do Orc after D:15 true
     0 | D:1      | 0 ||| qw: Do second Lair branch before Depths: true
     0 | D:1      | 0 ||| qw: Lair rune preference: random
     0 | D:1      | 0 ||| qw: Plans: Normal, Zot:1-4, God:TSO, Crypt, Tomb,
                  | Pan, Slime:5, Hells, Abyss, Orb
     0 | D:1      | 0 ||| PLANNING D:1-11
    35 | D:1      | 35 ||| Stepping ~*~*~tactically~*~*~ (hiding).
    37 | D:1      | Reached skill level 2 in Axes
    81 | D:1      | Reached XP level 2. HP: 15/19 MP: 2/2
    85 | D:1      | 85 ||| Stepping ~*~*~tactically~*~*~ (stealth).
   119 | D:1      | 119 ||| Stepping ~*~*~tactically~*~*~ (stealth).
   144 | D:1      | 144 ||| Stepping ~*~*~tactically~*~*~ (stealth).
   248 | D:1      | Reached skill level 3 in Axes
   348 | D:1      | Reached XP level 3. HP: 23/23 MP: 3/3
   857 | D:1      | You fall into a shaft and drop 1 floor!
  1260 | D:2      | 1260 ||| Stepping ~*~*~tactically~*~*~ (stealth).
  1267 | D:2      | Reached XP level 4. HP: 28/28 MP: 4/4
  1312 | D:2      | 1312 ||| Stepping ~*~*~tactically~*~*~ (stealth).
  1359 | D:2      | 1359 ||| Stepping ~*~*~tactically~*~*~ (stealth).
  1360 | D:2      | 1360 ||| Stepping ~*~*~tactically~*~*~ (stealth).
  1388 | D:2      | 1388 ||| UPGRADING to +1 pair of gloves.
  1393 | D:2      | 1393 ||| UPGRADING to +0 helmet.
  1398 | D:2      | 1398 ||| UPGRADING to +4 ring of slaying {mikee}.
  1399 | D:2      | 1399 ||| READING 2 scrolls labelled XIEBAI HOING.
  1400 | D:2      | 1400 ||| READING scroll labelled AVVARO TYOCO.
  1401 | D:2      | 1401 ||| READING scroll labelled UZOS RASURO.
  1402 | D:2      | 1402 ||| READING 2 scrolls labelled XUADGH WUZAERCH.
  1403 | D:2      | 1403 ||| DROPPING scroll of poison.
  1631 | D:2      | Reached skill level 4 in Axes
  2072 | D:2      | 2072 ||| READING scroll labelled PEEGHA REWYKLY.
  2073 | D:2      | 2073 ||| DRINKING 2 inky potions.
  2073 | D:2      | Gained mutation: You have large cloven feet. [potion of
                  | mutation]
  2073 | D:2      | Gained mutation: You are clumsy. (Dex -2) [potion of
                  | mutation]
  2073 | D:2      | Gained mutation: You expend magic power (3 MP) to
                  | strengthen your wands. [potion of mutation]
  2285 | D:3      | 2285 ||| Stepping ~*~*~tactically~*~*~ (hiding).
  2414 | D:3      | Identified the +2 ring mail of Fowkyo {Regen+ MP+9}
  2644 | D:3      | Reached XP level 5. HP: 32/32 MP: 5/5
  2889 | D:3      | 2889 ||| DROPPING +0 club.
  2890 | D:3      | 2890 ||| DROPPING +0 hammer.
  2893 | D:3      | Found a runed translucent door.
  2894 | D:3      | Noticed Crazy Yiuf
  2911 | D:3      | Found a faded altar of an unknown god.
  3038 | D:3      | 3038 ||| UPGRADING to +2 ring mail of Fowkyo {Regen+ MP+9}.
  3048 | D:3      | 3048 ||| DROPPING +0 scale mail.
  3113 | D:3      | 3113 ||| UPGRADING to ring of positive energy.
  3114 | D:3      | 3114 ||| READING scroll labelled OLUAC DO XINAS.
  3115 | D:3      | 3115 ||| READING scroll labelled WUOMAK VOQORPH.
  3166 | D:3      | 3166 ||| DRINKING 2 glowing emerald potions.
  3167 | D:3      | 3167 ||| READING 2 scrolls of identify.
  3167 | D:3      | 3167 ||| IDENTIFYING fuming red potion
  3168 | D:3      | 3168 ||| DROPPING potion of degeneration.
  3263 | D:4      | Noticed Menkaure
  3270 | D:4      | Killed Menkaure
  3271 | D:4      | Reached skill level 5 in Axes
  3271 | D:4      | Reached XP level 6. HP: 36/37 MP: 6/6
  3307 | D:4      | 3307 ||| Stepping ~*~*~tactically~*~*~ (stealth).
  3316 | D:4      | Reached skill level 6 in Axes
  3349 | D:4      | Reached skill level 1 in Dodging
  3349 | D:4      | Reached XP level 7. HP: 43/43 MP: 7/7
  3372 | D:4      | 3372 ||| Stepping ~*~*~tactically~*~*~ (hiding).
  3727 | D:4      | 3727 ||| DROPPING +0 vorpal hammer.
  3816 | D:4      | 3816 ||| DRINKING potion of curing.
  3816 | D:4      | 3816 ||| (to cure confusion)
  4024 | D:4      | 4024 ||| READING scroll labelled AMNETY HUGRISA.
  4025 | D:4      | 4025 ||| READING 3 scrolls of identify.
  4025 | D:4      | 4025 ||| IDENTIFYING viscous white potion
  4026 | D:4      | 4026 ||| DROPPING potion of ambrosia.
  4050 | D:5      | Entered Level 5 of the Dungeon
  4074 | D:5      | Reached skill level 7 in Axes
  4114 | D:5      | 4114 ||| Stepping ~*~*~tactically~*~*~ (hiding).
  4193 | D:5      | 4193 ||| Stepping ~*~*~tactically~*~*~ (stealth).
  4194 | D:5      | 4194 ||| Stepping ~*~*~tactically~*~*~ (stealth).
  4232 | D:5      | Found an iron altar of Okawaru.
  4233 | D:5      | 4233 ||| PLANNING OKAWARU WORSHIP
  4233 | D:5      | 4233 ||| READING scroll labelled ZUEZAB JIZYCLA.
  4240 | D:5      | Became a worshipper of Warmaster Okawaru
  4241 | D:5      | 4241 ||| PLANNING D:1-11
  4275 | D:5      | 4275 ||| Stepping ~*~*~tactically~*~*~ (stealth).
  4396 | D:5      | 4396 ||| Stepping ~*~*~tactically~*~*~ (stealth).
  4400 | D:5      | Reached XP level 8. HP: 49/49 MP: 8/8
  4724 | D:5      | 4724 ||| UPGRADING to +6 ring of strength.
  4726 | D:5      | 4726 ||| DROPPING ring of positive energy.
  4727 | D:5      | 4727 ||| READING 4 scrolls of identify.
  4727 | D:5      | 4727 ||| IDENTIFYING green potion
  4798 | D:6      | Reached skill level 8 in Axes
  4881 | D:6      | Reached * piety under Okawaru
  4889 | D:6      | Reached skill level 6 in Fighting
  4889 | D:6      | Reached skill level 1 in Invocations
  4924 | D:6      | 4924 ||| Stepping ~*~*~tactically~*~*~ (stealth).
  4958 | D:6      | Found a staircase to the Ecumenical Temple.
  5030 | D:6      | 5030 ||| Stepping ~*~*~tactically~*~*~ (hiding).
  5032 | D:6      | 5032 ||| Stepping ~*~*~tactically~*~*~ (hiding).
  5034 | D:6      | 5034 ||| Stepping ~*~*~tactically~*~*~ (hiding).
  5035 | D:6      | 5035 ||| Stepping ~*~*~tactically~*~*~ (hiding).
  5038 | D:6      | 5038 ||| INVOKING Heroism.
  5124 | D:6      | Found a blossoming altar of Fedhas.
  5154 | D:6      | Reached skill level 3 in Invocations
  5246 | D:6      | 5246 ||| INVOKING Heroism.
  5248 | D:6      | 5248 ||| Stepping ~*~*~tactically~*~*~ (hiding).
  5318 | D:6      | Reached XP level 9. HP: 47/55 MP: 11/11
  5634 | D:6      | Found a sparkling altar of Nemelex Xobeh.
  5638 | D:6      | Found a snail-covered altar of Cheibriados.
  5641 | D:6      | Found a hide-covered altar of Uskayaw.
  5643 | D:6      | 5643 ||| READING 3 scrolls of identify.
  5643 | D:6      | 5643 ||| IDENTIFYING viscous ruby potion
  5644 | D:6      | 5644 ||| READING 2 scrolls of identify.
  5644 | D:6      | 5644 ||| IDENTIFYING smoky clear potion
  5682 | D:7      | Found Attiufeu's Jewellery Boutique.
  5705 | D:7      | 5705 ||| FLEEEEING.
  5706 | D:7      | 5706 ||| FLEEEEING.
  5715 | D:7      | 5715 ||| STAIRDANCE
  5759 | D:7      | 5759 ||| DROPPING +0 flail.
  5761 | D:7      | 5761 ||| SHOPLISTING amulet of regeneration (480 gold, have
                  | 353).
  5761 | D:7      | 5761 ||| SHOPLISTING ring of Exhibitionism {rF+ SInv} (464
                  | gold, have 353).
  5761 | D:7      | 5761 ||| SHOPLISTING ring of ice (400 gold, have 353).
  5761 | D:7      | 5761 ||| SHOPLISTING ring of protection from fire (400
                  | gold, have 353).
  5767 | D:7      | Found a stormy altar of Qazlal.
  5767 | D:7      | Found a shadowy altar of Dithmenos.
  5770 | D:7      | 5770 ||| FLEEEEING.
  5771 | D:7      | 5771 ||| FLEEEEING.
  5772 | D:7      | 5772 ||| FLEEEEING.
  5773 | D:7      | 5773 ||| FLEEEEING.
  5774 | D:7      | 5774 ||| FLEEEEING.
  5775 | D:7      | 5775 ||| FLEEEEING.
  5776 | D:7      | 5776 ||| FLEEEEING.
  5778 | D:7      | 5778 ||| Stepping ~*~*~tactically~*~*~ (hiding).
  5783 | D:7      | 5783 ||| INVOKING Heroism.
  5825 | D:7      | Reached skill level 9 in Axes
  5841 | D:7      | 5841 ||| Stepping ~*~*~tactically~*~*~ (hiding).
  5844 | D:7      | 5844 ||| INVOKING Heroism.
  5863 | D:7      | 5863 ||| INVOKING Heroism.
  5893 | D:7      | 5893 ||| Stepping ~*~*~tactically~*~*~ (hiding).
  5894 | D:7      | 5894 ||| FLEEEEING.
  5895 | D:7      | 5895 ||| STAIRDANCE
  6000 | D:6      | 6000 ||| UPGRADING to +0 chain mail.
  6010 | D:6      | 6010 ||| DROPPING +2 ring mail of Fowkyo {Regen+ MP+9}.
  6011 | D:6      | 6011 ||| READING scroll labelled HAETEACYRR.
  6012 | D:6      | 6012 ||| DROPPING +2 hand axe of flaming.
  6013 | D:6      | 6013 ||| DRINKING 2 fuming amethyst potions.
  6016 | D:7      | 6016 ||| STAIRDANCE
  6018 | D:6      | 6018 ||| INVOKING Heroism.
  6161 | D:7      | Reached ** piety under Okawaru
  6204 | D:7      | 6204 ||| INVOKING Heroism.
  6299 | D:7      | 6299 ||| Stepping ~*~*~tactically~*~*~ (stealth).
  6301 | D:7      | 6301 ||| Stepping ~*~*~tactically~*~*~ (stealth).
  6302 | D:7      | 6302 ||| Stepping ~*~*~tactically~*~*~ (stealth).
  6315 | D:7      | 6315 ||| Stepping ~*~*~tactically~*~*~ (hiding).
  6319 | D:7      | 6319 ||| INVOKING Heroism.
  6335 | D:7      | 6335 ||| Stepping ~*~*~tactically~*~*~ (stealth).
  6358 | D:7      | 6358 ||| Stepping ~*~*~tactically~*~*~ (stealth).
  6547 | D:7      | 6547 ||| Stepping ~*~*~tactically~*~*~ (stealth).
  6549 | D:7      | 6549 ||| Stepping ~*~*~tactically~*~*~ (hiding).
  6556 | D:7      | 6556 ||| INVOKING Heroism.
  6882 | D:7      | 6882 ||| INVOKING Heroism.
  6936 | D:7      | 6936 ||| FLEEEEING.
  6937 | D:7      | 6937 ||| FLEEEEING.
  6942 | D:7      | 6942 ||| FLEEEEING.
  6947 | D:7      | 6947 ||| FLEEEEING.
  6948 | D:7      | 6948 ||| FLEEEEING.
  6949 | D:7      | 6949 ||| FLEEEEING.
  6950 | D:7      | 6950 ||| FLEEEEING.
  6951 | D:7      | 6951 ||| FLEEEEING.
  6959 | D:7      | 6959 ||| FLEEEEING.
  7074 | D:7      | 7074 ||| Stepping ~*~*~tactically~*~*~ (hiding).
  7344 | D:7      | 7344 ||| DROPPING +2 hat.
  7345 | D:7      | 7345 ||| DROPPING +2 hat.
  7346 | D:7      | 7346 ||| READING scroll labelled ZAXZURH LOOTH.
  7496 | D:8      | Found a radiant altar of Vehumet.
  7515 | D:8      | Reached skill level 10 in Axes
  7540 | D:8      | 7540 ||| INVOKING Heroism.
  7543 | D:8      | Reached XP level 10. HP: 46/63 MP: 10/13
  7665 | D:8      | Reached *** piety under Okawaru
  7723 | D:8      | 7723 ||| INVOKING Heroism.
  7726 | D:8      | 7726 ||| Stepping ~*~*~tactically~*~*~ (stealth).
  7805 | D:8      | 7805 ||| Stepping ~*~*~tactically~*~*~ (stealth).
  7849 | D:8      | 7849 ||| Stepping ~*~*~tactically~*~*~ (stealth).
  7857 | D:8      | 7857 ||| INVOKING Heroism.
  7859 | D:8      | 7859 ||| Stepping ~*~*~tactically~*~*~ (stealth).
  7922 | D:8      | 7922 ||| Stepping ~*~*~tactically~*~*~ (stealth).
  7969 | D:8      | 7969 ||| Stepping ~*~*~tactically~*~*~ (hiding).
  8132 | D:8      | 8132 ||| Stepping ~*~*~tactically~*~*~ (hiding).
  8134 | D:8      | 8134 ||| Stepping ~*~*~tactically~*~*~ (hiding).
  8135 | D:8      | 8135 ||| Stepping ~*~*~tactically~*~*~ (hiding).
  8194 | D:8      | 8194 ||| Stepping ~*~*~tactically~*~*~ (stealth).
  8197 | D:8      | 8197 ||| Stepping ~*~*~tactically~*~*~ (stealth).
  8212 | D:8      | 8212 ||| Stepping ~*~*~tactically~*~*~ (stealth).
  8219 | D:8      | Reached **** piety under Okawaru
  8360 | D:8      | 8360 ||| INVOKING Heroism.
  8510 | D:8      | Reached skill level 1 in Throwing
  8517 | D:8      | Reached skill level 11 in Axes
  8535 | D:8      | 8535 ||| FLEEEEING.
  8536 | D:8      | 8536 ||| FLEEEEING.
  8537 | D:8      | 8537 ||| FLEEEEING.
  8538 | D:8      | 8538 ||| FLEEEEING.
  8540 | D:8      | 8540 ||| STAIRDANCE
  8614 | D:7      | 8614 ||| READING 2 scrolls of identify.
  8614 | D:7      | 8614 ||| IDENTIFYING lumpy sapphire potion
  8639 | D:8      | 8639 ||| FLEEEEING.
  8640 | D:8      | 8640 ||| FLEEEEING.
  8641 | D:8      | 8641 ||| FLEEEEING.
  8718 | D:8      | 8718 ||| Stepping ~*~*~tactically~*~*~ (hiding).
  8884 | D:9      | 8884 ||| Stepping ~*~*~tactically~*~*~ (hiding).
  8885 | D:9      | 8885 ||| Stepping ~*~*~tactically~*~*~ (hiding).
  8886 | D:9      | 8886 ||| Stepping ~*~*~tactically~*~*~ (hiding).
  8887 | D:9      | 8887 ||| INVOKING Heroism.
  8936 | D:9      | 8936 ||| INVOKING Heroism.
  8939 | D:9      | Reached skill level 6 in Armour
  8945 | D:9      | Reached skill level 6 in Invocations
  8953 | D:9      | Reached XP level 11. HP: 62/69 MP: 13/15
  9109 | D:9      | Found Locvonlafo's Magic Scroll Shoppe.
  9118 | D:9      | 9118 ||| BUYING scroll of identify (28 gold).
  9118 | D:9      | Bought a scroll of identify for 28 gold pieces
  9118 | D:9      | 9118 ||| BUYING scroll of identify (28 gold).
  9118 | D:9      | Bought a scroll of identify for 28 gold pieces
  9118 | D:9      | 9118 ||| BUYING scroll of identify (28 gold).
  9118 | D:9      | Bought a scroll of identify for 28 gold pieces
  9118 | D:9      | 9118 ||| BUYING scroll of identify (28 gold).
  9118 | D:9      | Bought a scroll of identify for 28 gold pieces
  9118 | D:9      | 9118 ||| BUYING scroll of teleportation (42 gold).
  9118 | D:9      | Bought a scroll of teleportation for 42 gold pieces
  9118 | D:9      | 9118 ||| BUYING scroll of teleportation (42 gold).
  9118 | D:9      | Bought a scroll of teleportation for 42 gold pieces
  9143 | D:9      | 9143 ||| Stepping ~*~*~tactically~*~*~ (hiding).
  9145 | D:9      | 9145 ||| Stepping ~*~*~tactically~*~*~ (hiding).
  9148 | D:9      | 9148 ||| INVOKING Heroism.
  9149 | D:9      | 9149 ||| Stepping ~*~*~tactically~*~*~ (cloud).
  9249 | D:9      | Found a staircase to the Lair.
  9266 | D:9      | Noticed Erolcha
  9267 | D:9      | 9267 ||| Stepping ~*~*~tactically~*~*~ (hiding).
  9270 | D:9      | 9270 ||| INVOKING Heroism.
  9276 | D:9      | Killed Erolcha
  9277 | D:9      | Reached skill level 9 in Fighting
  9322 | D:9      | Noticed a two-headed ogre
  9323 | D:9      | 9323 ||| INVOKING Heroism.
  9330 | D:9      | Killed a two-headed ogre
  9516 | D:9      | 9516 ||| FLEEEEING.
  9517 | D:9      | 9517 ||| FLEEEEING.
  9518 | D:9      | 9518 ||| FLEEEEING.
  9519 | D:9      | 9519 ||| FLEEEEING.
  9520 | D:9      | 9520 ||| FLEEEEING.
  9521 | D:9      | 9521 ||| FLEEEEING.
  9522 | D:9      | 9522 ||| FLEEEEING.
  9523 | D:9      | 9523 ||| FLEEEEING.
  9524 | D:9      | 9524 ||| FLEEEEING.
  9525 | D:9      | 9525 ||| FLEEEEING.
  9526 | D:9      | 9526 ||| FLEEEEING.
  9527 | D:9      | 9527 ||| FLEEEEING.
  9535 | D:9      | 9535 ||| STAIRDANCE
  9682 | D:8      | 9682 ||| UPGRADING to +0 plate armour.
  9692 | D:8      | 9692 ||| DROPPING +0 chain mail.
  9693 | D:8      | 9693 ||| UPGRADING to scarf of repulsion.
  9698 | D:8      | 9698 ||| READING scroll labelled XUDYOM ISOI.
  9699 | D:8      | 9699 ||| READING scroll labelled PIAXKE WILEQAMP.
  9768 | D:8      | 9768 ||| READING 7 scrolls of identify.
  9768 | D:8      | 9768 ||| IDENTIFYING sapphire potion
  9769 | D:8      | 9769 ||| READING 6 scrolls of identify.
  9769 | D:8      | 9769 ||| IDENTIFYING viscous emerald potion
  9770 | D:8      | 9770 ||| DROPPING potion of flight.
  9773 | D:9      | 9773 ||| Stepping ~*~*~tactically~*~*~ (hiding).
 10086 | D:9      | 10086 ||| PLANNING LAIR
 10141 | Lair:1   | Entered Level 1 of the Lair of Beasts
 10224 | Lair:1   | 10224 ||| Stepping ~*~*~tactically~*~*~ (cloud).
 10228 | Lair:1   | 10228 ||| INVOKING Heroism.
 10232 | Lair:1   | 10232 ||| Stepping ~*~*~tactically~*~*~ (cloud).
 10237 | Lair:1   | 10237 ||| Stepping ~*~*~tactically~*~*~ (cloud).
 10290 | Lair:1   | Noticed Sonja
 10296 | Lair:1   | 10296 ||| INVOKING Heroism.
 10297 | Lair:1   | HP: 12/71 [Sonja/+1 short sword of distortion (23)]
 10298 | Lair:1   | 10298 ||| READING 5 scrolls of teleportation.
 10299 | Lair:1   | 10299 ||| DRINKING potion of heal wounds.
 10305 | Lair:1   | Killed Sonja
 10305 | Lair:1   | Reached ***** piety under Okawaru
 10476 | Lair:1   | 10476 ||| INVOKING Heroism.
 10563 | Lair:1   | 10563 ||| INVOKING Heroism.
 10568 | Lair:1   | Received a gift from Okawaru
 10582 | Lair:1   | 10582 ||| SWAPPING to +0 vorpal broad axe.
 10639 | Lair:1   | Noticed an oklob plant
 10640 | Lair:1   | 10640 ||| INVOKING Heroism.
 10641 | Lair:1   | 10641 ||| INVOKING Finesse.
 10645 | Lair:1   | Noticed Harold
 10648 | Lair:1   | Killed an oklob plant
 10663 | Lair:1   | Killed Harold
 10664 | Lair:1   | Reached skill level 9 in Invocations
 10675 | Lair:1   | Noticed Maggie
 10677 | Lair:1   | 10677 ||| INVOKING Heroism.
 10686 | Lair:1   | Killed Maggie
 10893 | Lair:1   | Found a frozen archway.
 11214 | Lair:1   | 11214 ||| INVOKING Heroism.
 11483 | Lair:2   | 11483 ||| INVOKING Heroism.
 11535 | Lair:2   | Noticed a moth of wrath
 11541 | Lair:2   | 11541 ||| INVOKING Heroism.
 11542 | Lair:2   | 11542 ||| Stepping ~*~*~tactically~*~*~ (stealth).
 11552 | Lair:2   | Noticed a boulder beetle
 11567 | Lair:2   | Reached XP level 12. HP: 73/76 MP: 19/19
 11673 | Lair:2   | 11673 ||| INVOKING Heroism.
 11708 | Lair:2   | 11708 ||| Stepping ~*~*~tactically~*~*~ (stealth).
 11709 | Lair:2   | 11709 ||| Stepping ~*~*~tactically~*~*~ (stealth).
 11719 | Lair:2   | 11719 ||| INVOKING Heroism.
 11723 | Lair:2   | Reached skill level 12 in Axes
 11789 | Lair:2   | 11789 ||| Stepping ~*~*~tactically~*~*~ (stealth).
 11870 | Lair:2   | 11870 ||| Stepping ~*~*~tactically~*~*~ (stealth).
 11873 | Lair:2   | Found a staircase to the Snake Pit.
 11877 | Lair:2   | 11877 ||| INVOKING Heroism.
 11882 | Lair:2   | Reached skill level 6 in Shields
 12008 | Lair:2   | 12008 ||| Stepping ~*~*~tactically~*~*~ (stealth).
 12057 | Lair:2   | Noticed a boulder beetle
 12058 | Lair:2   | 12058 ||| INVOKING Heroism.
 12059 | Lair:2   | 12059 ||| INVOKING Finesse.
 12098 | Lair:2   | Killed a boulder beetle
 12156 | Lair:2   | 12156 ||| READING scroll of enchant armour.
 12156 | Lair:2   | 12156 ||| ENCHANTING +1 pair of gloves.
 12164 | Lair:2   | Found a transporter.
 12173 | Lair:2   | Noticed qw's ghost (journeyman GrFi)
 12187 | Lair:2   | Found a transporter.
 12218 | Lair:2   | Noticed a boulder beetle
 12219 | Lair:2   | 12219 ||| INVOKING Heroism.
 12224 | Lair:2   | 12224 ||| INVOKING Finesse.
 12235 | Lair:2   | Killed a boulder beetle
 12330 | Lair:2   | 12330 ||| Stepping ~*~*~tactically~*~*~ (stealth).
 12337 | Lair:2   | 12337 ||| FLEEEEING.
 12453 | Lair:2   | 12453 ||| Stepping ~*~*~tactically~*~*~ (stealth).
 12454 | Lair:2   | 12454 ||| Stepping ~*~*~tactically~*~*~ (stealth).
 12455 | Lair:2   | 12455 ||| Stepping ~*~*~tactically~*~*~ (stealth).
 12456 | Lair:2   | 12456 ||| Stepping ~*~*~tactically~*~*~ (stealth).
 12457 | Lair:2   | 12457 ||| INVOKING Heroism.
 12527 | Lair:2   | 12527 ||| INVOKING Heroism.
 12605 | Lair:2   | 12605 ||| Stepping ~*~*~tactically~*~*~ (hiding).
 12658 | Lair:2   | 12658 ||| Stepping ~*~*~tactically~*~*~ (stealth).
 12661 | Lair:2   | 12661 ||| Stepping ~*~*~tactically~*~*~ (stealth).
 12955 | Lair:2   | 12955 ||| INVOKING Heroism.
 12956 | Lair:2   | 12956 ||| INVOKING Finesse.
 12964 | Lair:2   | Killed a boulder beetle
 12965 | Lair:2   | Reached skill level 13 in Axes
 13078 | Lair:2   | Noticed a five-headed hydra
 13105 | Lair:2   | 13105 ||| READING scroll labelled DEUMUAQUOP.
 13259 | Lair:3   | 13259 ||| Stepping ~*~*~tactically~*~*~ (stealth).
 13338 | Lair:3   | 13338 ||| Stepping ~*~*~tactically~*~*~ (stealth).
 13367 | Lair:3   | 13367 ||| Stepping ~*~*~tactically~*~*~ (stealth).
 13368 | Lair:3   | 13368 ||| Stepping ~*~*~tactically~*~*~ (stealth).
 13370 | Lair:3   | 13370 ||| Stepping ~*~*~tactically~*~*~ (stealth).
 13371 | Lair:3   | 13371 ||| Stepping ~*~*~tactically~*~*~ (stealth).
 13433 | Lair:3   | 13433 ||| Stepping ~*~*~tactically~*~*~ (stealth).
 13436 | Lair:3   | 13436 ||| Stepping ~*~*~tactically~*~*~ (stealth).
 13437 | Lair:3   | 13437 ||| Stepping ~*~*~tactically~*~*~ (stealth).
 13535 | Lair:3   | You fall into a shaft and drop 2 floors!
 13535 | Lair:5   | Entered Level 5 of the Lair of Beasts
 13535 | Lair:5   | Noticed Nessos
 13536 | Lair:5   | 13536 ||| INVOKING Heroism.
 13537 | Lair:5   | 13537 ||| INVOKING Finesse.
 13548 | Lair:5   | HP: 11/77 [Nessos/arrow (10)]
 13549 | Lair:5   | 13549 ||| READING 5 scrolls of teleportation.
 13550 | Lair:5   | 13550 ||| DRINKING 2 potions of heal wounds.
 13558 | Lair:5   | Reached skill level 9 in Armour
 13574 | Lair:5   | Identified the +0 kite shield "Yxkuumau" {Drain Fly rCorr
                  | Dex+4} (Okawaru gifted it to you on level 5 of the Lair of
                  | Beasts)
 13574 | Lair:5   | Received a gift from Okawaru
 13607 | Lair:5   | 13607 ||| INVOKING Heroism.
 13700 | Lair:5   | 13700 ||| INVOKING Finesse.
 13702 | Lair:5   | 13702 ||| INVOKING Heroism.
 13717 | Lair:5   | Killed Nessos
 13718 | Lair:5   | Reached XP level 13. HP: 22/82 MP: 14/20
 13951 | Lair:5   | 13951 ||| Stepping ~*~*~tactically~*~*~ (stealth).
 13982 | Lair:5   | 13982 ||| READING scroll labelled CUYNOC UNKOCHI.
 13996 | Lair:4   | 13996 ||| INVOKING Heroism.
 13997 | Lair:4   | 13997 ||| INVOKING Finesse.
 13999 | Lair:4   | 13999 ||| SWAPPING to +0 war axe of flaming.
 14008 | Lair:4   | 14008 ||| SWAPPING to +0 vorpal broad axe.
 14020 | Lair:4   | Reached skill level 14 in Axes
 14060 | Lair:4   | 14060 ||| INVOKING Heroism.
 14203 | Lair:4   | 14203 ||| INVOKING Heroism.
 14319 | Lair:3   | 14319 ||| Stepping ~*~*~tactically~*~*~ (stealth).
 14321 | Lair:3   | 14321 ||| INVOKING Heroism.
 14323 | Lair:3   | 14323 ||| Stepping ~*~*~tactically~*~*~ (stealth).
 14729 | Lair:3   | Found a staircase to the Shoals.
 14803 | Lair:3   | 14803 ||| Stepping ~*~*~tactically~*~*~ (stealth).
 15000 | Lair:3   | 15000 ||| READING 7 scrolls of identify.
 15000 | Lair:3   | 15000 ||| IDENTIFYING viscous orange potion
 15001 | Lair:3   | 15001 ||| DROPPING potion of brilliance.
 15053 | Lair:4   | Noticed Urug
 15055 | Lair:4   | 15055 ||| INVOKING Heroism.
 15056 | Lair:4   | 15056 ||| INVOKING Finesse.
 15062 | Lair:4   | Killed Urug
 15231 | Lair:4   | 15231 ||| READING scroll of brand weapon.
 15231 | Lair:4   | 15231 ||| BRANDING +0 vorpal broad axe.
 15327 | Lair:4   | 15327 ||| INVOKING Heroism.
 15336 | Lair:4   | Reached skill level 3 in Throwing
 15540 | Lair:4   | 15540 ||| UPGRADING to +0 pair of boots.
 15545 | Lair:4   | 15545 ||| DROPPING +2 pair of gloves.
 15696 | Lair:5   | 15696 ||| INVOKING Heroism.
 15697 | Lair:5   | 15697 ||| INVOKING Finesse.
 15858 | Lair:5   | 15858 ||| INVOKING Heroism.
 15859 | Lair:5   | 15859 ||| Stepping ~*~*~tactically~*~*~ (stealth).
 15862 | Lair:5   | 15862 ||| INVOKING Finesse.
 15949 | Lair:5   | 15949 ||| Stepping ~*~*~tactically~*~*~ (stealth).
 15951 | Lair:5   | 15951 ||| INVOKING Heroism.
 15953 | Lair:5   | 15953 ||| INVOKING Finesse.
 16070 | Lair:5   | 16070 ||| Stepping ~*~*~tactically~*~*~ (hiding).
 16074 | Lair:5   | 16074 ||| INVOKING Heroism.
 16075 | Lair:5   | 16075 ||| INVOKING Finesse.
 16082 | Lair:5   | Gained mutation: Your large and strong wings let you fly.
                  | [Gargoyle growth]
 16082 | Lair:5   | Reached XP level 14. HP: 69/90 MP: 13/21
 16181 | Lair:5   | 16181 ||| INVOKING Heroism.
 16182 | Lair:5   | 16182 ||| INVOKING Finesse.
 16187 | Lair:5   | Reached skill level 15 in Axes
 16302 | Lair:5   | 16302 ||| INVOKING Heroism.
 16466 | Lair:5   | 16466 ||| INVOKING Heroism.
 16497 | Lair:5   | 16497 ||| READING scroll of enchant armour.
 16497 | Lair:5   | 16497 ||| ENCHANTING +0 helmet.
 16578 | Lair:5   | 16578 ||| Stepping ~*~*~tactically~*~*~ (hiding).
 16584 | Lair:5   | Identified the +2 pair of gloves "Cyfru" {+Blink} (Okawaru
                  | gifted it to you on level 5 of the Lair of Beasts)
 16584 | Lair:5   | Received a gift from Okawaru
 16783 | Lair:5   | 16783 ||| Stepping ~*~*~tactically~*~*~ (stealth).
 16784 | Lair:5   | 16784 ||| Stepping ~*~*~tactically~*~*~ (stealth).
 16791 | Lair:5   | 16791 ||| INVOKING Heroism.
 17090 | Lair:5   | 17090 ||| Stepping ~*~*~tactically~*~*~ (stealth).
 17101 | Lair:5   | 17101 ||| Stepping ~*~*~tactically~*~*~ (stealth).
 17522 | Lair:5   | Found a runed translucent door.
 17523 | Lair:5   | Found a viscous altar of Jiyva.
 17523 | Lair:5   | Found a staircase to the Slime Pits.
 17649 | Lair:5   | 17649 ||| INVOKING Heroism.
 17650 | Lair:5   | 17650 ||| INVOKING Finesse.
 17771 | Lair:5   | 17771 ||| PLANNING D:1-11
 17771 | Lair:5   | 17771 ||| UPGRADING to +0 kite shield "Yxkuumau" {Drain Fly
                  | rCorr Dex+4}.
 17781 | Lair:5   | 17781 ||| DROPPING +0 buckler.
 17782 | Lair:5   | 17782 ||| DROPPING +2 pair of gloves "Cyfru" {+Blink}.
 17886 | D:10     | Entered Level 10 of the Dungeon
 17891 | D:10     | 17891 ||| READING scroll of enchant armour.
 17891 | D:10     | 17891 ||| ENCHANTING +1 helmet.
 17947 | D:10     | 17947 ||| INVOKING Heroism.
 17957 | D:10     | HP: 19/91 [orc priest/divine providence (14)]
 17958 | D:10     | 17958 ||| READING 5 scrolls of teleportation.
 17958 | D:10     | HP: 9/91 [orc priest/divine providence (10)]
 17959 | D:10     | 17959 ||| DRINKING potion of heal wounds.
 18009 | D:10     | 18009 ||| Stepping ~*~*~tactically~*~*~ (stealth).
 18063 | D:10     | 18063 ||| Stepping ~*~*~tactically~*~*~ (stealth).
 18067 | D:10     | 18067 ||| INVOKING Heroism.
 18221 | D:10     | 18221 ||| Stepping ~*~*~tactically~*~*~ (hiding).
 18222 | D:10     | 18222 ||| INVOKING Heroism.
 18307 | D:10     | 18307 ||| INVOKING Heroism.
 18317 | D:10     | Found a staircase to the Orcish Mines.
 18429 | D:10     | 18429 ||| Invisible monster not found???
 18623 | D:10     | 18623 ||| INVOKING Heroism.
 18925 | D:10     | Found Quujetox's Distillery.
 18941 | D:10     | 18941 ||| BUYING 2 potions of curing (84 gold).
 18941 | D:10     | Bought 2 potions of curing for 84 gold pieces
 18941 | D:10     | 18941 ||| BUYING potion of curing (42 gold).
 18941 | D:10     | Bought a potion of curing for 42 gold pieces
 18941 | D:10     | 18941 ||| BUYING potion of curing (42 gold).
 18941 | D:10     | Bought a potion of curing for 42 gold pieces
 18941 | D:10     | 18941 ||| BUYING potion of heal wounds (70 gold).
 18941 | D:10     | Bought a potion of heal wounds for 70 gold pieces
 18941 | D:10     | 18941 ||| BUYING potion of lignification (42 gold).
 18941 | D:10     | Bought a potion of lignification for 42 gold pieces
 18941 | D:10     | 18941 ||| BUYING potion of lignification (42 gold).
 18941 | D:10     | Bought a potion of lignification for 42 gold pieces
 18941 | D:10     | 18941 ||| BUYING potion of mutation (112 gold).
 18941 | D:10     | Bought a potion of mutation for 112 gold pieces
 18942 | D:10     | 18942 ||| INVOKING Heroism.
 19003 | D:10     | 19003 ||| Stepping ~*~*~tactically~*~*~ (stealth).
 19004 | D:10     | 19004 ||| Stepping ~*~*~tactically~*~*~ (stealth).
 19005 | D:10     | 19005 ||| Stepping ~*~*~tactically~*~*~ (stealth).
 19009 | D:10     | Noticed Josephine
 19011 | D:10     | 19011 ||| INVOKING Heroism.
 19020 | D:10     | Killed Josephine
 19023 | D:10     | Reached skill level 9 in Shields
 19124 | D:10     | 19124 ||| UPGRADING to +2 plate armour of cold resistance.
 19134 | D:10     | 19134 ||| DROPPING +3 scale mail of cold resistance.
 19135 | D:10     | 19135 ||| DROPPING +0 plate armour.
 19185 | D:11     | 19185 ||| INVOKING Heroism.
 19187 | D:11     | Identified the +8 falchion of Ipotocw {vamp, +Blink}
 19551 | D:11     | Noticed Maurice
 19561 | D:11     | Killed Maurice
 19619 | D:11     | 19619 ||| Stepping ~*~*~tactically~*~*~ (hiding).
 19816 | D:11     | Found a runed translucent door.
 19816 | D:11     | Noticed qw's ghost (journeyman GrFi)
 19859 | D:11     | 19859 ||| READING scroll of enchant armour.
 19859 | D:11     | 19859 ||| ENCHANTING +0 pair of boots.
 19909 | D:11     | 19909 ||| PLANNING D
 19909 | D:11     | 19909 ||| DROPPING scarf of repulsion.
 19910 | D:11     | 19910 ||| DROPPING amulet of guardian spirit.
 19945 | D:12     | Found a runed translucent door.
 19993 | D:12     | 19993 ||| Stepping randomly (disturbance).
 20087 | D:12     | 20087 ||| INVOKING Heroism.
 20088 | D:12     | 20088 ||| INVOKING Finesse.
 20211 | D:12     | 20211 ||| Stepping ~*~*~tactically~*~*~ (hiding).
 20216 | D:12     | 20216 ||| INVOKING Heroism.
 20879 | D:12     | 20879 ||| READING scroll labelled VOAKYEFARGH.
 20880 | D:12     | 20880 ||| READING 11 scrolls of identify.
 20880 | D:12     | 20880 ||| IDENTIFYING cyan potion
 20881 | D:12     | 20881 ||| DROPPING potion of invisibility.
 20959 | D:13     | 20959 ||| Stepping ~*~*~tactically~*~*~ (hiding).
 20964 | D:13     | 20964 ||| INVOKING Heroism.
 20965 | D:13     | 20965 ||| INVOKING Finesse.
 21108 | D:13     | 21108 ||| INVOKING Heroism.
 21109 | D:13     | 21109 ||| SWAPPING to +0 war axe of flaming.
 21116 | D:13     | 21116 ||| SWAPPING to +1 broad axe of electrocution.
 21133 | D:13     | 21133 ||| Stepping ~*~*~tactically~*~*~ (hiding).
 21134 | D:13     | 21134 ||| Stepping ~*~*~tactically~*~*~ (hiding).
 21202 | D:13     | 21202 ||| Stepping ~*~*~tactically~*~*~ (hiding).
 21203 | D:13     | 21203 ||| INVOKING Heroism.
 21206 | D:13     | Reached skill level 3 in Dodging
 21212 | D:13     | Received a gift from Okawaru
 21217 | D:13     | Reached XP level 15. HP: 38/96 MP: 20/22
 21497 | D:13     | 21497 ||| Stepping ~*~*~tactically~*~*~ (stealth).
 21499 | D:13     | 21499 ||| Stepping ~*~*~tactically~*~*~ (stealth).
 21502 | D:13     | 21502 ||| INVOKING Heroism.
 21507 | D:13     | Received a gift from Okawaru
 21508 | D:13     | Reached skill level 12 in Shields
 21792 | D:13     | 21792 ||| INVOKING Heroism.
 22230 | D:13     | 22230 ||| READING scroll of enchant armour.
 22230 | D:13     | 22230 ||| ENCHANTING +1 pair of boots.
 22440 | D:13     | 22440 ||| DROPPING +6 ring of intelligence.
 22441 | D:13     | 22441 ||| READING scroll labelled VENUOK WENEREA.
 22473 | D:14     | 22473 ||| INVOKING Heroism.
 22477 | D:14     | 22477 ||| INVOKING Finesse.
 22482 | D:14     | 22482 ||| SWAPPING to +0 war axe of flaming.
 22496 | D:14     | Reached skill level 6 in Throwing
 22500 | D:14     | 22500 ||| SWAPPING to +1 broad axe of electrocution.
 22503 | D:14     | Reached skill level 12 in Fighting
 22617 | D:14     | 22617 ||| READING scroll of enchant weapon.
 22617 | D:14     | 22617 ||| ENCHANTING +1 broad axe of electrocution.
 22676 | D:14     | 22676 ||| Stepping ~*~*~tactically~*~*~ (hiding).
 22748 | D:14     | Identified the amulet of Sif Muna, Flying {rC++ Regen+
                  | Str-5}
 22755 | D:14     | 22755 ||| INVOKING Heroism.
 22755 | D:14     | Noticed Azrael
 22756 | D:14     | 22756 ||| INVOKING Finesse.
 22777 | D:14     | Killed Azrael
 22783 | D:14     | Killed from afar by a fire dragon

Levels and vault maps discovered:
D:1:      dpeg_arrival_simpleton_c, layout_basic, nrook_campfire
D:2:      layout_loops_corners
D:3:      layout_loops_ring, shapermc_ecumenical_altar_flowoftime,
          palyth_stone_intersect, minmay_liquid_box, minivault_24,
          minmay_rat_hole, uniq_crazy_yiuf_cottage
D:4:      layout_basic, uniq_menkaure
D:5:      layout_loops_cross, okawaru_trees_2
D:6:      layout_cave_pods, mainiacjoe_overflow_boulevard,
          grunt_temple_overflow_diamond, minmay_temple_entry_antechambers
D:7:      layout_loops_ring, nicolae_overflow_two_pavilions, serial_shops, shop,
          the_hattery
D:8:      layout_basic, vehumet_altar_wand_db, serial_undead, serial_undead_c,
          serial_undead_d, serial_undead_e, serial_undead_f, serial_undead_b,
          serial_undead_d
D:9:      layout_stronghold, dpeg_oklobed_lair, serial_shops, shop,
          nicolae_looking_at_the_future, uniq_erolcha
D:10:     layout_loops_ring, erik_orc_2, serial_shops, shop, centaur_isle,
          uniq_josephine
D:11:     layout_rooms, gammafunk_ghost_grave, uniq_maurice
D:12:     gammafunk_mikee_crab_dinner, layout_long_grid, dk_noncrumbling_4
D:13:     layout_layer_cave
D:14:     layout_cave_pools, david_vaults_4, serial_park, serial_park_fountain,
          serial_park_square3 [serial_park_minivault_5x5_8], serial_park_tiny_1,
          serial_park_tiny_1, amcnicky_mini_pool_small, uniq_lodul, uniq_agnes,
          uniq_azrael, uniq_frances
Lair:1:   layout_loops_ring, portal_ice_cave_entry_ice_simulacra, minivault_23,
          grunt_megastairs_2, uniq_sonja, uniq_maggie, uniq_harold
Lair:2:   layout_gridlike, minmay_snake_entry_six_corridors,
          gammafunk_ghost_berserking_beasts, nicolae_lair_lil_pond,
          nicolae_quartered_pool_little, grunt_forest_stairs_basic,
          wad_woods_road_06
Lair:3:   layout_loops_ring, minmay_shoals_entry_hut, beast_lair_carwin_8,
          lemuel_fruit_fields
Lair:4:   layout_hall_layers, evilmike_ambush [evilmike_ambush_outer_corners,
          evilmike_ambush_inner_basic], uniq_urug
Lair:5:   evilmike_catoblepas_cave, layout_layer_cave, slime_entry_2,
          uniq_nessos

Skill      XL: |  1  2  3  4  5  6  7  8  9 10 11 12 13 14 15 |
---------------+----------------------------------------------+-----
Axes           | 2 3 4 5 6 7 8 10 11 13 14 15 | 15.3
Fighting       | 4 5 6 7 8 9 10 11 12 | 12.0
Dodging        | 1 2 3 |  3.2
Invocations    | 3 4 6 9 10 | 10.0
Shields        | 4 5 6 7 11 12 | 12.0
Armour         | 5 6 8 9 10 11 | 11.0
Throwing       | 1 4 5 6 |  6.2

Action                   |  1- 3 |  4- 6 |  7- 9 | 10-12 | 13-15 || total
-------------------------+-------+-------+-------+-------+-------++-------
Melee: War axe           |    92 |   106 |   265 |   167 |    30 ||   660
       Kick              |       |    17 |    63 |   134 |    38 ||   252
       Broad axe         |       |       |       |   227 |   606 ||   833
Throw: Boomerang         |       |       |       |    18 |       ||    18
       Javelin           |       |       |       |       |    82 ||    82
Invok: Heroism           |       |       |    11 |    28 |    32 ||    71
       Finesse           |       |       |       |     6 |    12 ||    18
  Use: Scroll            |       |     8 |     8 |     9 |    12 ||    37
       Potion            |       |     2 |     2 |     2 |     1 ||     7
Armor: Scale mail        |    37 |    33 |       |       |       ||    70
       Ring mail         |       |     8 |    85 |       |       ||    93
       Chain mail        |       |       |    29 |    92 |       ||   121
       Plate armour      |       |       |       |   104 |   289 ||   393
Dodge: Dodged            |    54 |    29 |    87 |   111 |   153 ||   434
       Repelled          |       |       |       |     2 |     6 ||     8
Block: Buckler           |    20 |    11 |    39 |    78 |    38 ||   186
       Kite shield       |       |       |       |       |   189 ||   189

Table legend:
 A = Non-vault XP
 B = Vault XP
 C = Vault XP percentage of total XP
 D = Non-vault monster count
 E = Vault monster count
 F = Vault count percentage of total count
                 A         B        C        D         E       F
            +---------+---------+-------+---------+---------+-------
      Total |   66124 |   33959 |  33.9 |     410 |     152 |  27.0
            +---------+---------+-------+---------+---------+-------
        D:1 |      51 |       0 |   0.0 |      27 |       0 |   0.0
        D:2 |      72 |       0 |   0.0 |      22 |       0 |   0.0
        D:3 |      38 |      20 |  34.5 |      14 |      19 |  57.6
        D:4 |     482 |     154 |  24.2 |      20 |       1 |   4.8
        D:5 |     608 |       0 |   0.0 |      14 |       0 |   0.0
        D:6 |    1108 |       0 |   0.0 |      27 |       0 |   0.0
        D:7 |    1669 |     205 |  10.9 |      40 |       1 |   2.4
        D:8 |    2255 |    1804 |  44.4 |      23 |      18 |  43.9
        D:9 |    1719 |    1823 |  51.5 |      12 |      13 |  52.0
       D:10 |    4250 |    3306 |  43.8 |      28 |      31 |  52.5
       D:11 |    2530 |     493 |  16.3 |      11 |       1 |   8.3
       D:12 |    4812 |       0 |   0.0 |      20 |       0 |   0.0
       D:13 |   10631 |       0 |   0.0 |      23 |       0 |   0.0
       D:14 |    4086 |    4142 |  50.3 |       8 |      10 |  55.6
     Lair:1 |    2191 |    3162 |  59.1 |       7 |       8 |  53.3
     Lair:2 |    8279 |    2749 |  24.9 |      31 |      10 |  24.4
     Lair:3 |    1450 |    1807 |  55.5 |       9 |      10 |  52.6
     Lair:4 |    8379 |    2941 |  26.0 |      31 |       6 |  16.2
     Lair:5 |   11514 |   11353 |  49.6 |      43 |      24 |  35.8
            +---------+---------+-------+---------+---------+-------
